 Dungeon Crawl Stone Soup version 0.30.0-30-g96aa6591b8 (webtiles) character file.

Game seed: 15275011855579404106

21 croobank the Caller (level 2, 0/27 HPs)
             Began as an Octopode Summoner on June 28, 2023.
             Slain by an orc wizard
             ... wielding a +0 dagger
              (5 damage)
             ... on level 2 of the Dungeon.
             The game lasted 00:03:43 (885 turns).

croobank the Caller (Octopode Summoner)              Turns: 885, Time: 00:03:43

Health: 0/27       AC:  1    Str:  5 (7)  XL:     2   Next: 83%
Magic:  3/5        EV: 13    Int: 16 (17) God:
Gold:   87         SH:  0    Dex: 11 (12) Spells: 2/5 levels left

rFire   . . .        e - +0 morningstar
rCold   . . .        (no shield)
rNeg    . . .        (helmet restricted)
rPois   .            (no amulet)
rElec   .            (no ring)
rCorr   .            (no ring)
SInv    .            (no ring)
Will    .....        (no ring) Stlth
                     (no ring)
HPRegen 0.24/turn    (no ring)
MPRegen 0.09/turn    (no ring)
                     (no ring)

%: no passive effects
@: berserking, very quick
A: almost no armour, amphibious, 8 rings, camouflage 1, gelatinous body 1,
(nimble swimmer 1), tentacles
a: no special abilities


You were on level 2 of the Dungeon.
You visited 1 branch of the dungeon, and saw 2 of its levels.

You collected 87 gold pieces.

Inventory:

Hand Weapons
 e - a +0 morningstar (weapon)
Missiles
 f - 2 boomerangs
 g - 5 poisoned darts
Scrolls
 d - a scroll of fog {unknown}
 k - a scroll of fear {unknown}
Potions
 a - a potion of magic
 i - a potion of attraction {unknown}
 j - a potion of heal wounds {unknown}


   Skills:
 + Level 0.7 Fighting
 + Level 2.3 Dodging
 + Level 3.1 Stealth
 + Level 2.2 Spellcasting
 + Level 4.1 Summonings


You had 2 spell levels left.
You knew the following spells:

 Your Spells              Type           Power      Damage    Failure   Level
a - Summon Small Mammal   Summ           60%        N/A       3%          1
b - Call Imp              Summ           30%        N/A       5%          2

Your spell library contained the following spells:

 Spells                   Type           Power      Damage    Failure   Level
 Call Canine Familiar     Summ           15%        N/A       11%         3
 Summon Guardian Golem    Hex/Summ       8%         N/A       26%         3
 Summon Lightning Spire   Summ/Air       8%         N/A       65%         4


Dungeon Overview and Level Annotations

Branches:
Dungeon (2/15)

Altars:


Innate Abilities, Weirdness & Mutations

You cannot wear most types of armour.
You are amphibious.
You can wear up to eight rings at the same time.
Your skin changes colour to match your surroundings (Stealth+).
Your rubbery body absorbs attacks. (AC +1, EV +1)
((You are camouflaged when in or above water. (Stealth+)))
You have tentacles for arms and can constrict up to eight enemies at once.


Message History

Your cerulean imp hits the orc wizard but does no damage.
The orc wizard barely misses you.
You closely miss the orc wizard. You grab the orc wizard.
You constrict the orc wizard, but do no damage.
Your bat hits the orc wizard but does no damage.
Your bat hits the orc but does no damage.
Your cerulean imp hits the orc wizard with a -3 spear.
The orc wizard hits you with a +0 dagger.
The orc hits your bat with a +0 dagger.
Your bat hits the orc wizard.
Your cerulean imp hits the orc wizard but does no damage.
The orc wizard casts a spell.
The orc wizard flickers and vanishes!
Deactivating autopickup; reactivate with Ctrl-A.
You hit something. You constrict something.
Your bat hits something but does no damage.
Your bat barely misses something.
The orc hits you with a +0 dagger. Something hits you.
You swap places.
You release your grip on something.
Found a book of Blood.
Your bat hits the orc but does no damage.
Your bat barely misses something.
Something hits you.
* * * LOW HITPOINT WARNING * * *
The orc hits your bat with a +0 dagger.
Your bat closely misses something.
It was a potion of berserk rage.
A red film seems to cover your vision as you go berserk!
You feel yourself moving faster!
You feel mighty!
Your bat misses something.
Your bat barely misses the orc.
The orc hits your bat with a +0 dagger.
Your bat dies!
Your bat's corpse disappears in a puff of smoke!
Something hits you.
* * * LOW HITPOINT WARNING * * *
You barely miss something. Your squeeze misses something. Something hits you.
* * * LOW HITPOINT WARNING * * *
The orc hits your quokka with a +0 dagger.
Your quokka bites the orc but does no damage.
You miss something. Your squeeze misses something.
The orc hits your quokka with a +0 dagger.
Your quokka dies!
Your quokka's corpse disappears in a puff of smoke!
Something hits you.
You die...

......'.......'...>............#
†⌠~~..#.....÷.##.#.##########..#
...⌠..#.......##.#.##########..#
##.⌠..#.......##.#.#...........#
_#.~..#.......##.#.#.########.##
##.~.+######...#.#.#......<.#.#
...⌠........##.#.#.##########.#
~.~....<.... #.#.#.. ..#
.†.......... #.5@#.## #.#
>..#........ ##§{...# ###
...######### ##o....... ...#
###.#.### ...# ...# #### .....
:.## ...


You could see an orc and a friendly cerulean imp (summoned).

Vanquished Creatures
  An endoplasm (D:2)
  A hobgoblin (D:1)
  8 jackals
  A rat (D:2)
11 creatures vanquished.

Vanquished Creatures (collateral kills)
  An orc (D:2)
  2 jackals (D:2)
  2 bats
5 creatures vanquished.

Grand Total: 16 creatures vanquished

Notes
Turn   | Place    | Note
-------+----------+-------------------------------------------
     0 | D:1      | croobank the Octopode Summoner began the quest for the Orb.
     0 | D:1      | Reached XP level 1. HP: 11/11 MP: 3/3
   671 | D:2      | Reached XP level 2. HP: 18/18 MP: 0/5
   681 | D:2      | Found a faded altar of an unknown god.
   708 | D:2      | Learned a level 2 spell: Call Imp
   885 | D:2      | Slain by an orc wizard

Illustrated notes

Levels and vault maps discovered:
D:1:      dpeg_arrival_ternary, layout_basic
D:2:      layout_basic, basic_altar, shapermc_ecumenical_altar_acropolis,
          roderic_roman_lattice, minmay_increasing_density, uniq_terence

Skill      XL: |  1  2 |
---------------+-------+-----
Stealth        | 3 |  3.1
Fighting       | |  0.7
Dodging        | |  2.3
Spellcasting   | |  2.2
Summonings     | |  4.1

Action                     || total
---------------------------++-------
  Melee: Morningstar       ||    27
         Constrict         ||     9
         Tentacles         ||     2
   Cast: Summon Small Mamm ||    16
         Call Imp          ||     2
    Use: Potion            ||     3
         Scroll            ||     1
 Armour: Skin              ||     3
  Dodge: Dodged            ||    29
